 Dungeon Crawl Stone Soup version 0.31-a0-117-g42d8f58691 (webtiles) character file.

Game seed: 14544905211932741379

121 ZacharyTheHuman the Slasher (level 5, -4/35 HPs)
             Began as a Human Wanderer on May 30, 2023.
             Slain by a gnoll
             ... wielding a +0 flail
              (10 damage)
             ... on level 2 of the Dungeon.
             The game lasted 00:11:07 (1757 turns).

ZacharyTheHuman the Slasher (Human Wanderer)        Turns: 1757, Time: 00:11:08

Health: -4/35      AC:  5    Str: 11    XL:     5   Next: 26%
Magic:  3/9        EV: 10    Int: 15    God:
Gold:   73         SH:  0    Dex: 13    Spells: 3/10 levels left

rFire   . . .        a - +2 falchion
rCold   . . .        (no shield)
rNeg    . . .        j - +0 leather armour
rPois   .            (no helmet)
rElec   .            (no cloak)
rCorr   .            k - +0 pair of gloves
SInv    .            d - +0 pair of boots {Stlth+}
Will    .....        (no amulet)
Stlth   +++          (no ring)
HPRegen 0.25/turn    (no ring)
MPRegen 0.11/turn

%: no passive effects
@: no status effects
A: no striking features
a: no special abilities


You were on level 2 of the Dungeon.
You visited 1 branch of the dungeon, and saw 3 of its levels.

You collected 73 gold pieces.

Inventory:

Hand Weapons
 a - a +2 falchion (weapon)
Armour
 d - a +0 pair of boots of stealth (worn)
 j - a +0 leather armour (worn)
 k - a +0 pair of gloves (worn)
Scrolls
 e - a scroll of blinking {unknown}
 h - 2 scrolls of poison {unknown}
 i - 3 scrolls of identify {unknown}
Potions
 b - a potion of resistance {unknown}
 c - a potion of curing
 f - 3 potions of invisibility {unknown}
 g - a potion of degeneration {unknown}
 l - a potion of haste {unknown}
 m - a potion of might {unknown}


   Skills:
 * Level 3.8 Long Blades
 - Level 2.0 Armour
 - Level 2.0 Stealth
 - Level 3.0 Spellcasting
 * Level 2.0 Conjurations
 + Level 0.8 Transmutations
 + Level 1.1 Air Magic
 + Level 0.8 Poison Magic
 - Level 1.0 Evocations


You had 3 spell levels left.
You knew the following spells:

 Your Spells              Type           Power      Damage    Failure   Level
a - Foxfire               Conj/Fire      20%        2x1d5     17%         1
b - Mephitic Cloud        Conj/Pois/Air  6%         N/A       41%         3
c - Ignite Poison         Fire/Tmut/Pois 3%         N/A       54%         3

Your spell library contained the following spells:

 Spells                   Type           Power      Damage    Failure   Level
 Poisonous Vapours        Pois/Air       10%        N/A       26%         2
 Leda's Liquefaction      Hex/Erth       1%         N/A       95%         4
 Freezing Cloud           Conj/Ice/Air   2%         6-21      99%         5
 Lee's Rapid Deconstruct  Erth           1%         3d4*      100%        5
 Leda's Unmaking          Conj/Erth      2%         9d1       100%        6
 Statue Form              Tmut/Erth      2%         N/A       100%        6


Dungeon Overview and Level Annotations

Branches:
Dungeon (3/15)

Altars:

Shops:
D:2 (

Annotations:
D:2 1 runed translucent door, Crazy Yiuf


Message History

You conjure some foxfire!
The foxfire hits the gnoll.
The gnoll is severely wounded.
Your foxfire dissipates!
The gnoll attacks as you move away! The gnoll barely misses you.
Casting: Foxfire (safe; 17% risk of failure)
Confirm with . or Enter, or press ? or * to list all spells.
You conjure some foxfire!
The foxfire hits the gnoll but does no damage.
The gnoll is severely wounded.
You hit the gnoll.
You kill the gnoll!
The gnoll barely misses you.
Casting: Foxfire (safe; 17% risk of failure)
Confirm with . or Enter, or press ? or * to list all spells.
You conjure some foxfire!
The gnoll hits you but does no damage.
Your foxfire dissipates!
The gnoll attacks as you move away! The gnoll hits you with a +0 club.
The foxfire hits the gnoll.
The gnoll is moderately wounded.
Casting: Foxfire (safe; 17% risk of failure)
Confirm with . or Enter, or press ? or * to list all spells.
You miscast Foxfire.
You are very lightly contaminated with residual magic.
Nothing appears to happen.
The gnoll hits you with a +0 flail. The gnoll hits you with a +0 club.
The gnoll attacks as you move away! The gnoll misses you.
The gnoll attacks as you move away! The gnoll closely misses you.
Your magical contamination has completely faded away.
Casting: Foxfire (safe; 17% risk of failure)
Confirm with . or Enter, or press ? or * to list all spells.
You conjure some foxfire!
The gnoll hits you with a +0 flail!
Your foxfire dissipates!
The gnoll attacks as you move away! The gnoll hits you with a +0 flail!
* * * LOW HITPOINT WARNING * * *
The foxfire hits the gnoll.
The gnoll is heavily wounded.
You see here a bat corpse.
Okay, then.
The gnoll attacks as you move away! The gnoll hits you with a +0 flail!
You die...

##.## ###.#.#.#
#####.###.# ##...## #.#.
####.)..<# #.#.#.####.#.
..#.#.###
##..)....##.#.######.#.#.#
#.#.#.#..##.#..†#.#..#.#.#
##.......##.#..#.#.#...#.#
#.#.#.#.##.###.#.#......#
##...†.....##.#...#..####
#########gg@..#(#...#
###..#.#.#.## #...#.#..#
##########


You could see 2 gnolls.

Vanquished Creatures
  4 adders (D:2)
  A gnoll (D:2)
  A worm (D:2)
  2 dart slugs
  7 bats
  14 endoplasms
  A giant cockroach (D:1)
  6 hobgoblins
  7 jackals
  2 kobolds
  A quokka (D:2)
  8 ball pythons
  2 frilled lizards (D:1)
  3 goblins
  5 rats
64 creatures vanquished.

Vanquished Creatures (others)
  52 foxfires
52 creatures vanquished.

Grand Total: 116 creatures vanquished

Notes
Turn   | Place    | Note
-------+----------+-------------------------------------------
     0 | D:1      | ZacharyTheHuman the Human Wanderer began the quest for the
                  | Orb.
     0 | D:1      | ZacharyTheHuman set off with the following items: a +2
                  | falchion, a +0 pair of boots, a potion of curing, a +0
                  | robe; and the following spell memorised: Foxfire; and the
                  | following spells available to memorise: Ignite Poison.
     0 | D:1      | Reached XP level 1. HP: 13/13 MP: 4/4
   299 | D:1      | Reached XP level 2. HP: 19/19 MP: 6/6
   555 | D:1      | Reached XP level 3. HP: 24/24 MP: 7/7
   559 | D:1      | Learned a level 3 spell: Mephitic Cloud
   563 | D:1      | Learned a level 3 spell: Ignite Poison
   657 | D:1      | Reached skill level 1 in Conjurations
   991 | D:2      | Reached XP level 4. HP: 24/30 MP: 5/8
  1351 | D:2      | Found Opeymodgh's Weapon Emporium.
  1485 | D:2      | Found a runed translucent door.
  1486 | D:2      | Noticed Crazy Yiuf
  1651 | D:2      | Reached XP level 5. HP: 35/35 MP: 9/9
  1688 | D:2      | Reached skill level 1 in Air Magic
  1757 | D:2      | Slain by a gnoll

Illustrated notes

Levels and vault maps discovered:
D:1:      dpeg_arrival_leaves_temple_mockup, layout_basic, minivault_4
D:2:      minmay_door_path, layout_basic, serial_shops,
          nicolae_shop_competitors_out_of_business, hex_tiny,
          minmay_tiny_reverse_x, uniq_crazy_yiuf_cottage
D:3:      layout_rooms

Skill      XL: |  1  2  3  4  5 |
---------------+----------------+-----
Long Blades    | 3 |  3.8
Conjurations   | 1 2 |  2.0
Air Magic      | 1 |  1.1
Armour         | |  2.0
Stealth        | |  2.0
Spellcasting   | |  3.0
Transmutations | |  0.8
Poison Magic   | |  0.8
Evocations     | |  1.0

Action                     |  1- 3 |  4- 6 || total
---------------------------+-------+-------++-------
  Melee: Falchion          |    80 |    73 ||   153
   Cast: Foxfire           |    11 |    22 ||    33
   Stab: Sleeping          |     5 |     2 ||     7
         Distracted        |       |     1 ||     1
 Armour: Robe              |    11 |       ||    11
         Leather armour    |    13 |    30 ||    43
  Dodge: Dodged            |    56 |    43 ||    99

Table legend: (Time is in decaauts)
 A = Elapsed time spent in this place.
 B = Non-inter-level travel time spent in this place.
 C = Inter-level travel time spent in this place.
 D = Time resting spent in this place.
 E = Time spent auto-exploring this place.
 F = Levels seen in this place.
 G = Mean time per level.
                   A        B        C        D        E       F      G
               +--------+--------+--------+--------+--------+-----+--------+
         Total |   1779 |   1771 |      8 |      2 |    964 |   3 |  593.0 |
       Dungeon |   1779 |   1771 |      8 |      2 |    964 |   3 |  593.0 |
               +--------+--------+--------+--------+--------+-----+--------+

Top non-repeatable levels by time:
     D:1: 892 daAuts
     D:2: 844 daAuts
     D:3: 42 daAuts
